 Dungeon Crawl Stone Soup version 0.29.0-13-gc9e81de378 (webtiles) character file.

Game seed: 12905200564043813039

25 DKP the Sneak (level 2, -1/14 HPs)
             Began as a Spriggan Brigand on Sept 9, 2022.
             Slain by a kobold
             ... wielding a +1 whip of electrocution
              (9 damage)
             ... on level 1 of the Dungeon.
             The game lasted 00:02:13 (808 turns).

DKP the Sneak (Spriggan Brigand)                     Turns: 808, Time: 00:02:14

Health: -1/14      AC:  2    Str:  7    XL:     2   Next: 82%
Magic:  3/3        EV: 16    Int: 12    God:
Gold:   26         SH:  0    Dex: 16    Spells: 1/1 levels left

rFire   . . .      SeeInvis +   h - +2 dagger (venom)
rCold   . . .      Faith    .   (no shield)
rNeg    . . .      Spirit   .   b - +0 robe
rPois   .          Reflect  .   (helmet restricted)
rElec   .          Harm     .   f - scarf {repulsion}
rCorr   .          Rampage  .   (gloves unavailable)
Will    .....                   (boots unavailable)
Stlth   +++.......              (no amulet)
HPRegen 0.04/turn               (no ring)
MPRegen 0.08/turn               (no ring)

@: repel missiles, very quick
A: very small, no large weapons, unfitting armour, see invisible, speed 3
a: no special abilities


You were on level 1 of the Dungeon.
You visited 1 branch of the dungeon, and saw 1 of its levels.

You collected 26 gold pieces.

Inventory:

Hand Weapons
 h - a +2 dagger of venom (weapon)
Missiles
 d - 9 poisoned darts (quivered)
 e - 3 curare-tipped darts
Armour
 b - a +0 robe (worn)
 c - a +0 cloak
 f - a scarf of repulsion (worn)
Scrolls
 g - a scroll of amnesia {unknown}
Potions
 a - a potion of curing {unknown}


   Skills:
 - Level 1.5 Fighting
 + Level 3.0 Short Blades
 - Level 2.0 Throwing
 - Level 1.3 Dodging
 * Level 6.7 Stealth


You had one spell level left.
You didn't know any spells.
Your spell library was empty.

Dungeon Overview and Level Annotations

Branches:
Dungeon (1/15)

Altars:


Innate Abilities, Weirdness & Mutations

You are very small and have problems with some larger weapons.
You are too small for most types of armour.
You have supernaturally acute eyesight. (SInv)
You cover ground extremely quickly. (Speed+++)


Message History

You closely miss the kobold.
The kobold is heavily wounded.
You kill the kobold!
A kobold comes into view.
It is wielding a +1 whip of electrocution.
The frilled lizard barely misses you. The bat misses you.
The kobold shouts!
You hit the frilled lizard but do no damage.
The bat hits you but does no damage.
The frilled lizard completely misses you.
You hit the frilled lizard.
The frilled lizard is poisoned.
The frilled lizard is heavily wounded.
You kill the frilled lizard!
The bat hits you but does no damage. The dart slug launches a dart at you.
The slug dart misses you.
You hit the bat.
You kill the bat!
The giant cockroach closely misses you.
Your Short Blades skill increases to level 3!
You closely miss the giant cockroach.
The giant cockroach bites you but does no damage.
You hit the giant cockroach.
You kill the giant cockroach!
The kobold throws a stone.
The stone misses you. The dart slug launches a dart at you.
The slug dart hits you.
Found a barding.
You hit the dart slug.
The dart slug is heavily wounded.
The dart slug barely misses you. The kobold completely misses you.
You miss the kobold. The dart slug misses you.
The kobold completely misses you.
You closely miss the kobold. You hit the dart slug.
The dart slug is poisoned.
The dart slug is almost dead.
You kill the dart slug!
The kobold hits you with a +1 whip of electrocution.
You are electrocuted!
Ouch! That really hurt!
You die...

###.................##+#.##
# #...............#........
###.........#.....#.)......
............#.....#........
............#...#..........
............#.......##+####
###...†....[#.............
#.........#...?.)..#####
#.........#...@....#
b.#.........#....K.......
..#.#.......#..#.###.#...
P.#.........#..... ......
..#.........#..#.# .#....
..#.....#......#.#[ .#...#
.##.....#..... #.## .#
###.....#..... .....
###.##### ....


You could see a kobold.

Vanquished Creatures
  2 dart slugs (D:1)
  2 ball pythons (D:1)
  A bat (D:1)
  An endoplasm (D:1)
  2 giant cockroaches (D:1)
  3 goblins (D:1)
  4 kobolds (D:1)
  2 quokkas (D:1)
  3 frilled lizards (D:1)
20 creatures vanquished.

Notes
Turn   | Place    | Note
-------+----------+-------------------------------------------
     0 | D:1      | DKP the Spriggan Brigand began the quest for the Orb.
     0 | D:1      | Reached XP level 1. HP: 10/10 MP: 2/2
    87 | D:1      | Reached skill level 6 in Stealth
   162 | D:1      | Reached XP level 2. HP: 7/14 MP: 3/3
   728 | D:1      | Found a faded altar of an unknown god.
   808 | D:1      | Slain by a kobold

Illustrated notes

Levels and vault maps discovered:
D:1:      lemuel_arrival_cross, layout_basic, ebering_ecumenical_altar_box,
          serial_aquarium, aquarium_bridge_square [aquarium_subvault_bridge,
          aquarium_subvault_bridge, aquarium_subvault_wall,
          aquarium_subvault_window], aquarium_bridge_long_joined
          [aquarium_subvault_window, aquarium_subvault_wall,
          aquarium_subvault_window, aquarium_subvault_bridge,
          aquarium_subvault_wall, aquarium_subvault_wall], aquarium_window_fake,
          aquarium_window_corner, aquarium_window_2, aquarium_view_2d,
          aquarium_pool_split, minmay_surrounded

Skill      XL: |  1  2 |
---------------+-------+-----
Stealth        | 6 |  6.7
Short Blades   | 3 |  3.0
Fighting       | |  1.5
Throwing       | |  2.0
Dodging        | |  1.3

Action                   || total
-------------------------++-------
Melee: Dagger            ||    47
 Stab: Sleeping          ||     6
Armor: Robe              ||     5
Dodge: Dodged            ||    34
       Repelled          ||     1
